 Dungeon Crawl Stone Soup version 0.30-a0-634-g8abc85282e (webtiles) character file.

Game seed: 14180732287809946611

0 sokol815 the Firebug (level 1, -2/11 HPs)
             Began as an Octopode Fire Elementalist on Jan 15, 2023.
             Slain by a hobgoblin (5 damage)
             ... on level 1 of the Dungeon.
             The game lasted 00:00:17 (46 turns).

sokol815 the Firebug (Octopode Fire Elementalist)     Turns: 46, Time: 00:00:17

Health: -2/11      AC:  1    Str:  7    XL:     1   Next: 0%
Magic:  2/3        EV: 13    Int: 17    God:
Gold:   13         SH:  0    Dex: 12    Spells: 3/4 levels left

rFire   . . .      SeeInvis .    (no weapon)
rCold   . . .      Faith    .    (no shield)
rNeg    . . .      Spirit   .    (helmet restricted)
rPois   .          Reflect  .    (no amulet)
rElec   .          Harm     .    (no ring)
rCorr   .          Rampage  .    (no ring)
Will    .....                    (no ring)
Stlth   +++                      (no ring)
HPRegen 0.21/turn                (no ring)
MPRegen 0.08/turn                (no ring)
                                 (no ring)
                                 (no ring)

@: no status effects
A: almost no armour, amphibious, 8 rings, camouflage 1, gelatinous body 1,
(nimble swimmer 1), tentacles
a: no special abilities


You were on level 1 of the Dungeon.
You visited 1 branch of the dungeon, and saw 1 of its levels.

You collected 13 gold pieces.

Inventory:

Potions
 M - a potion of magic


   Skills:
 - Level 2.0 Dodging
 - Level 2.6 Stealth
 - Level 2.0 Spellcasting
 + Level 1.0 Conjurations
 - Level 3.0 Fire Magic


You had 3 spell levels left.
You knew the following spells:

 Your Spells              Type           Power      Damage    Failure   Level
a - Foxfire               Conj/Fire      32%        2x1d5     9%          1

Your spell library contained the following spells:

 Spells                   Type           Power      Damage    Failure   Level
 Scorch                   Fire           22%        2d6       9%          2
 Inner Flame              Hex/Fire       6%         N/A       30%         3
 Kindle Blastsparks       Fire/Tloc/Air  10%        2d10      36%         3
 Flame Wave               Conj/Fire      8%         2d5       63%         4


Dungeon Overview and Level Annotations

Branches:
Dungeon (1/15) Zot: 5954

Altars:


Innate Abilities, Weirdness & Mutations

You cannot wear most types of armour.
You are amphibious.
You can wear up to eight rings at the same time.
Your skin changes colour to match your surroundings (Stealth+).
Your rubbery body absorbs attacks. (AC +1, EV +1)
((You are camouflaged when in or above water. (Stealth+)))
You have tentacles for arms and can constrict up to eight enemies at once.


Message History

Bad channel name for runrest: 'Jiyva says: Divide and consume' Welcome, sokol815 the Octopode Fire Elementalist.
A smirking vizier told you that the Orb of Zot is just within this dungeon.
Found 13 gold pieces.
Found an escape hatch in the floor.
Found a staircase leading out of the dungeon.
You now have 13 gold pieces.
You open the large door.
Found a stone staircase leading down.
There is a large open door here.
There is a stone staircase leading down here.
A kobold comes into view. It is wielding a +0 club.
You conjure some foxfire!
You now have 2/3 mp.
You conjure some foxfire!
You now have 1/3 mp.
The kobold shouts!
You hear a shout!
A hobgoblin comes into view.
You hear a shout!
A kobold comes into view.
It is wielding a +2 short sword of venom.
The kobold shouts!
You hear a shout!
The hobgoblin closely misses you.
The kobold throws a stone.
The stone misses you.
You tentacle-slap the hobgoblin but do no damage.
Your grab misses the hobgoblin. The hobgoblin hits you.
You take 1 damage, and have 10/11 hp.
You barely miss the hobgoblin. Your grab misses the hobgoblin.
The hobgoblin hits you.
The kobold throws a stone.
The stone hits you but does no damage.
You take 2 damage, and have 8/11 hp.
You barely miss the hobgoblin. You grab the hobgoblin.
You constrict the hobgoblin, but do no damage.
The hobgoblin misses you.
The kobold throws a stone.
The stone closely misses you.
You tentacle-slap the hobgoblin but do no damage.
You constrict the hobgoblin.
A kobold comes into view. It is wielding a +0 club.
The hobgoblin hits you.
* * * LOW HITPOINT WARNING * * *
The kobold throws a stone.
The stone hits you.
* * * LOW HITPOINT WARNING * * *
You take 6 damage, and have 2/11 hp.
MASSIVE DAMAGE!!
You release your grip on the hobgoblin.
The hobgoblin attacks as you move away! The hobgoblin barely misses you.
The hobgoblin attacks as you move away! The hobgoblin misses you.
There is a stone staircase leading down here.
The hobgoblin attacks as you move away! The hobgoblin hits you.
You die...

#.#≈≈≈≈≈####
#.'.......<#
#.'.......>#
#.#§≈§≈≈####
#.#≈≈#≈§≈≈≈
#.##≈≈≈§≈≈≈≈
###.##≈§≈§§#≈§§
######...###§≈§≈≈≈§§
.......@.# ###§≈≈§§§
######.g########
#.........#
##K######.# #.# #K#
........# .######K#
#.#


You could see a hobgoblin and 3 kobolds.

Vanquished Creatures (others)
  2 foxfires (D:1)
2 creatures vanquished.

Notes
Turn   | Place    | Note
-------+----------+-------------------------------------------
     0 | D:1      | sokol815 the Octopode Fire Elementalist began the quest for
                  | the Orb.
     0 | D:1      | Reached XP level 1. HP: 11/11 MP: 3/3
    40 | D:1      | HP: 2/11 [kobold/stone (1)]
    46 | D:1      | Slain by a hobgoblin

Illustrated notes

Levels and vault maps discovered:
D:1:      lightli_molten_gateway, layout_basic, minmay_misc_feat_columns

Action                   || total
-------------------------++-------
Melee: Unarmed           ||     4
       Constrict         ||     1
 Cast: Foxfire           ||     2
Armor: Skin              ||     1
Dodge: Dodged            ||     6

Table legend: (Time is in decaauts)
 A = Elapsed time spent in this place.
 B = Non-inter-level travel time spent in this place.
 C = Inter-level travel time spent in this place.
 D = Time resting spent in this place.
 E = Time spent auto-exploring this place.
 F = Levels seen in this place.
 G = Mean time per level.
                   A        B        C        D        E       F      G
               +--------+--------+--------+--------+--------+-----+--------+
         Total |     46 |     46 |      0 |      0 |     26 |   1 |   46.0 |
       Dungeon |     46 |     46 |      0 |      0 |     26 |   1 |   46.0 |
               +--------+--------+--------+--------+--------+-----+--------+

Top non-repeatable levels by time:
     D:1: 46 daAuts
